 Dungeon Crawl Stone Soup version 0.30.0-5-g1a98f26d00 (webtiles) character file.

Game seed: 933340793901645352

259 jimonade the Cutter (level 5, -1/42 HPs)
             Began as a Demonspawn Monk on May 10, 2023.
             Slain by an ogre
             ... wielding a +0 giant spiked club
              (23 damage)
             ... on level 4 of the Dungeon.
             The game lasted 00:07:27 (2691 turns).

jimonade the Cutter (Demonspawn Monk)               Turns: 2691, Time: 00:07:28

Health: -1/42      AC:  6    Str: 11    XL:     5   Next: 94%
Magic:  5/5        EV: 12    Int: 11    God:
Gold:   180        SH:  0    Dex: 18    Spells: 4/4 levels left

rFire   . . .        a - +2 dagger (elec)
rCold   . . .        d - orb {light}
rNeg    . . .        g - +0 ring mail
rPois   .            v - +0 helmet
rElec   .            (no cloak)
rCorr   .            (no gloves)
SInv    .            (no boots)
Will    .....        (no amulet)
Stlth   +            (no ring)
HPRegen 0.27/turn    (no ring)
MPRegen 0.09/turn

%: no passive effects
@: glowing
A: powered by death 1, weakness stinger 1
a: no special abilities


You were on level 4 of the Dungeon.
You visited 1 branch of the dungeon, and saw 4 of its levels.

You collected 180 gold pieces.

Inventory:

Hand Weapons
 a - a +2 dagger of electrocution (weapon)
 b - a +1 short sword of protection
 h - a +0 sling
 p - a +0 short sword
 u - a +2 short sword of electrocution
 z - a +5 spear
Missiles
 l - 6 atropa-tipped darts (quivered)
 y - 11 poisoned darts
Armour
 d - an orb of light (worn)
 g - a +0 ring mail (worn)
 n - a +0 leather armour
 v - a +0 helmet (worn)
 A - a +0 robe
Jewellery
 o - a ring of ice
Scrolls
 e - a scroll of noise {unknown}
 f - 4 scrolls of teleportation {unknown}
 j - a scroll of enchant armour {unknown}
 k - 3 scrolls of identify {unknown}
 q - 3 scrolls of brand weapon {unknown}
 r - a scroll of poison {unknown}
 t - 3 scrolls of immolation {unknown}
 w - a scroll of fog {unknown}
Potions
 c - a potion of ambrosia
 i - a potion of might {unknown}
 m - a potion of attraction {unknown}
 s - a potion of degeneration {unknown}
 x - 2 potions of flight {unknown}


   Skills:
 + Level 4.1 Fighting
 + Level 4.3 Short Blades
 + Level 2.1 Armour
 + Level 3.5 Dodging


You had 4 spell levels left.
You didn't know any spells.
Your spell library contained the following spells:

 Spells                   Type           Power      Damage    Failure   Level
 Freeze                   Ice            0%         1d3       63%         1
 Summon Small Mammal      Summ           0%         N/A       63%         1
 Call Canine Familiar     Summ           0%         N/A       94%         3
 Frozen Ramparts          Ice            0%         1d1       94%         3
 Hailstorm                Conj/Ice       0%         3d3       94%         3
 Summon Guardian Golem    Hex/Summ       0%         N/A       94%         3
 Vhi's Electric Charge    Tloc/Air       0%         N/A       94%         3
 Arcjolt                  Conj/Air       0%         1d10      100%        5
 Plasma Beam              Fire/Air       0%         2x1d11    100%        6


Dungeon Overview and Level Annotations

Branches:
Dungeon (4/15)
 Temple: D:4-7

Altars:
Cheibriados
Dithmenos
Vehumet


Innate Abilities, Weirdness & Mutations

You regenerate a little health from kills.
You have a small tail.


Message History

There is a stone staircase leading down, spattered with blood here.
You climb downwards.
There is a stone staircase leading up, spattered with blood here.
The gnoll hits you from afar with a +5 spear.
There is an open door here.
The gnoll closely misses you.
You hit the gnoll. Lightning courses through the gnoll!!
You kill the gnoll!
You see here a +5 spear.
z - a +5 spear You see here an iguana corpse.
k - 3 scrolls labelled KENUIJYETU (gained 1)
An orc comes into view. It is wielding a +0 trident.
You see here a +1 short sword of protection.
A - a +1 short sword of protection Adjust to which letter? (? for menu, Esc to quit)
b - a +1 short sword of protection;
A - a +0 robe The orc shouts!
The orc hits you with a +0 trident.
You hit the orc but do no damage. You tail-slap the orc.
The orc is almost dead.
The orc closely misses you.
You hit the orc.
You kill the orc!
No target in view!
You see here a +0 trident.
HP restored.
You now have 180 gold pieces (gained 8).
An ogre comes into view. It is wielding a +0 giant spiked club.
The ogre shouts!
You hit the ogre.
The ogre is lightly wounded.
The ogre hits you with a +0 giant spiked club!!
You hit the ogre but do no damage. Lightning courses through the ogre!
The ogre is heavily wounded.
You hit the ogre.
The ogre is heavily wounded.
The ogre hits you with a +0 giant spiked club!!
Ouch! That really hurt!
You die...

#. #. #.#########
#.#........
###+#..........
#..............
#......@O......
#......########
##......#########
#...............#
#...............#
#...............#
#...............#
#...............#
#.....).........#


You could see an ogre.

Vanquished Creatures
  An iguana (D:4)
  3 orc wizards (D:3)
  Robin (D:3)
  2 adders (D:3)
  3 gnolls
  A worm (D:2)
  5 dart slugs
  10 orcs
  7 bats
  4 endoplasms
  A giant cockroach (D:3)
  4 hobgoblins (D:2)
  4 jackals (D:2)
  5 kobolds
  3 quokkas
  9 ball pythons
  2 frilled lizards (D:2)
  12 goblins
  4 rats
81 creatures vanquished.

Notes
Turn   | Place    | Note
-------+----------+-------------------------------------------
     0 | D:1      | jimonade the Demonspawn Monk began the quest for the Orb.
     0 | D:1      | Reached XP level 1. HP: 18/18 MP: 1/1
   229 | D:1      | Gained mutation: You regenerate a little health from kills.
                  | [demonic ancestry]
   229 | D:1      | Reached XP level 2. HP: 24/24 MP: 2/2
   851 | D:2      | Reached XP level 3. HP: 29/29 MP: 3/3
  1498 | D:3      | Found a shadowy altar of Dithmenos.
  1720 | D:3      | Noticed Robin
  1792 | D:3      | Found a snail-covered altar of Cheibriados.
  1795 | D:3      | Killed Robin
  1796 | D:3      | Gained mutation: You have a small tail. [demonic ancestry]
  1796 | D:3      | Reached XP level 4. HP: 35/35 MP: 4/4
  1864 | D:3      | Reached skill level 1 in Armour
  1994 | D:3      | Reached XP level 5. HP: 20/42 MP: 5/5
  2426 | D:4      | Found a radiant altar of Vehumet.
  2685 | D:4      | Noticed an ogre
  2691 | D:4      | Slain by an ogre

Illustrated notes

Levels and vault maps discovered:
D:1:      eino_arrival_water_star, layout_loops_ring, solitary_fountain,
          kennysheep_pointless_box
D:2:      layout_basic, minmay_misc_feat_room, minmay_tetromino_s2
D:3:      layout_rooms, chequers_temple_overflow_statue_of_worship, uniq_robin
D:4:      layout_basic, lemuel_coloured_pillars_altar,
          nicolae_elevator_lobby_plus

Skill      XL: |  1  2  3  4  5 |
---------------+----------------+-----
Short Blades   | 3 4 |  4.3
Dodging        | 3 |  3.5
Armour         | 1 2 |  2.1
Fighting       | 4 |  4.1

Action                     |  1- 3 |  4- 6 || total
---------------------------+-------+-------++-------
  Melee: Short sword       |   150 |    25 ||   175
         Dagger            |       |    66 ||    66
         Tailslap          |       |    13 ||    13
 Armour: Ring mail         |    48 |    23 ||    71
  Dodge: Dodged            |   101 |    46 ||   147
